 Dungeon Crawl Stone Soup version 0.30-a0-365-ge7f957f1db (webtiles) character file.

Game seed: 9496006960360963786

142 bande the Trooper (level 5, 0/33 HPs)
             Began as a Gargoyle Fighter on Nov 17, 2022.
             Slain by an iguana (8 damage)
             ... on level 3 of the Dungeon.
             The game lasted 00:04:14 (1925 turns).

bande the Trooper (Gargoyle Fighter)                Turns: 1925, Time: 00:04:15

Health: 0/33       AC: 15    Str: 19    XL:     5   Next: 24%
Magic:  5/5        EV:  7    Int:  9    God:
Gold:   120        SH:  4    Dex: 11    Spells: 4/4 levels left

rFire   . . .      SeeInvis .    a - +1 war axe
rCold   + . .      Faith    .    c - +0 buckler
rNeg    + . .      Spirit   .    m - +0 chain mail
rPois   ∞          Reflect  .    k - +2 hat
rElec   +          Harm     .    (no cloak)
rCorr   +          Rampage  .    (no gloves)
Will    .....                    (no boots)
Stlth   ..........               (no amulet)
HPRegen 0.25/turn                i - ring of protection from cold
MPRegen 0.09/turn                j - ring of resist corrosion

@: no status effects
A: sickness immunity, AC +4, negative energy resistance 1, electricity
resistance, torment resistance 1, petrification resistance
a: no special abilities


You were on level 3 of the Dungeon.
You visited 1 branch of the dungeon, and saw 3 of its levels.

You collected 120 gold pieces.

Inventory:

Hand Weapons
 a - a +1 war axe (weapon)
Armour
 c - a +0 buckler (worn)
 g - a +0 helmet
 k - a +2 hat (worn)
 m - a +0 chain mail (worn)
Jewellery
 i - a ring of protection from cold (left hand)
 j - a ring of resist corrosion (right hand)
 o - a ring of magical power
Wands
 q - a wand of paralysis (9)
Scrolls
 f - 2 scrolls of blinking
 n - a scroll of butterflies
 t - a scroll of acquirement {unknown}
Potions
 b - 2 potions of haste
 d - a potion of might
 e - a potion of magic {unknown}
 h - 2 potions of curing
 l - a potion of mutation {unknown}
 p - 3 potions of attraction {unknown}
 r - 2 potions of ambrosia {unknown}
 s - a potion of brilliance {unknown}


   Skills:
 + Level 4.2 Fighting
 + Level 3.3 Axes
 + Level 4.1 Armour
 + Level 3.7 Shields


You had 4 spell levels left.
You didn't know any spells.
Your spell library contained the following spells:

 Spells                   Type           Power      Damage    Failure   Level
 Magic Dart               Conj           0%         1d3       99%         1
 Call Imp                 Summ           0%         N/A       100%        2
 Mephitic Cloud           Conj/Pois/Air  0%         N/A       100%        3


Dungeon Overview and Level Annotations

Branches:
Dungeon (3/15)

Altars:
Gozag
Sif Muna
Uskayaw

Annotations:
D:3 1 transporter


Innate Abilities, Weirdness & Mutations

You are immune to sickness and miasma.
Your stone body is resilient. (AC +4)
You are immune to poison.
You resist negative energy. (rN+)
You are resistant to electric shocks. (rElec)
You are resistant to unholy torment.
You are immune to petrification.


Message History

You hit the iguana but do no damage. You hit the ball python.
The ball python bites you but does no damage.
The ball python constricts you.
The iguana bites you but does no damage.
The iguana bites you.
The ball python bites you but does no damage.
The ball python constricts you. You block the iguana's attack.
The iguana bites you but does no damage.
You slash the iguana!
You kill the iguana!
You hit the iguana. You hit the ball python.
You kill the ball python!
You block the iguana's attack.
You have reached level 5!
The iguana bites you.
There is a transporter landing site here.
Things that are here:
an iguana corpse; a hound corpse Unknown command.
You hit the iguana.
The iguana is heavily wounded.
The iguana barely misses you.
You barely miss the iguana.
The iguana is heavily wounded.
The iguana bites you.
The iguana bites you but does no damage.
You hit the iguana but do no damage.
The iguana is heavily wounded.
The iguana bites you!
* * * LOW HITPOINT WARNING * * *
You barely miss the iguana.
The iguana is heavily wounded.
The iguana barely misses you. x2
You hit the iguana.
The iguana is severely wounded.
You block the iguana's attack.
You barely miss the iguana.
The iguana is severely wounded.
The iguana bites you!
You die...

############# ##...........##
#..#########..# #.##.......##.#
### #.#8..#.#..8#.#
#.###.#$?#...#..#.##
#.##..#_)....l..#..## ######
#....©#.$....@..#©..## #.....
#.##..#_)..)....#....## #.....
#.###.#$$#...#..#.....###....†
###.# #.#8..#.#..8#......######.
#...###.##...©...##......# ##
#........#########.......####
##.##..##....................####
.....#..#..######...#...####.....
.....##.##............#######.##.


You could see an iguana.

Vanquished Creatures
  A hound (D:3)
  An iguana (D:3)
  3 adders
  A worm (D:2)
  2 dart slugs
  An orc (D:3)
  An endoplasm (D:2)
  3 giant cockroaches
  4 goblins
  5 hobgoblins (D:1)
  2 jackals (D:1)
  3 quokkas
  7 ball pythons
  5 bats
  7 frilled lizards
  4 kobolds
  6 rats
56 creatures vanquished.

Notes
Turn   | Place    | Note
-------+----------+-------------------------------------------
     0 | D:1      | bande the Gargoyle Fighter began the quest for the Orb.
     0 | D:1      | Reached XP level 1. HP: 14/14 MP: 1/1
    60 | D:1      | Found a faded altar of an unknown god.
   172 | D:1      | Reached XP level 2. HP: 18/19 MP: 2/2
   447 | D:1      | Reached XP level 3. HP: 23/23 MP: 3/3
  1131 | D:2      | Reached XP level 4. HP: 20/29 MP: 4/4
  1409 | D:3      | Noticed a +0 falchion
  1409 | D:3      | Noticed a +0 dagger
  1409 | D:3      | Noticed a +0 short sword
  1415 | D:3      | Noticed a +0 spear
  1416 | D:3      | Noticed a +0 spear
  1419 | D:3      | Noticed a +0 short sword
  1420 | D:3      | Noticed a +0 dagger
  1427 | D:3      | Noticed a +0 falchion
  1433 | D:3      | Found a hide-covered altar of Uskayaw.
  1590 | D:3      | Found a transporter.
  1601 | D:3      | Found a transporter.
  1609 | D:3      | Found a shimmering blue altar of Sif Muna.
  1609 | D:3      | Found an opulent altar of Gozag.
  1919 | D:3      | Reached XP level 5. HP: 19/33 MP: 5/5
  1925 | D:3      | Slain by an iguana

Illustrated notes

Levels and vault maps discovered:
D:1:      scummos_arrival_star, layout_loops_ring,
          ebering_ecumenical_altar_ruins, amcnicky_mini_rare_corridor_liquid
D:2:      layout_basic, serial_rivers, chequers_serial_rivers_marsh,
          chequers_serial_rivers_marsh, chequers_serial_rivers_micro_a,
          chequers_serial_rivers_small_3, chequers_serial_rivers_marsh,
          st_stairs_2
D:3:      layout_rooms, nicolae_uskayaw_en_pointe,
          gammafunk_temple_overflow_arena

Skill      XL: |  1  2  3  4 |
---------------+-------------+-----
Axes           | 2 3 |  3.3
Fighting       | 4 |  4.2
Armour         | 4 |  4.1
Shields        | |  3.7

Action                   |  1- 3 |  4- 6 || total
-------------------------+-------+-------++-------
Melee: War axe           |   120 |    47 ||   167
  Use: Scroll            |     5 |     3 ||     8
Armor: Scale mail        |    20 |       ||    20
       Chain mail        |    72 |    47 ||   119
Dodge: Dodged            |    45 |    28 ||    73
Block: Buckler           |    29 |    19 ||    48

Table legend: (Time is in decaauts)
 A = Elapsed time spent in this place.
 B = Non-inter-level travel time spent in this place.
 C = Inter-level travel time spent in this place.
 D = Time resting spent in this place.
 E = Time spent auto-exploring this place.
 F = Levels seen in this place.
 G = Mean time per level.
                   A        B        C        D        E       F      G
               +--------+--------+--------+--------+--------+-----+--------+
         Total |   2004 |   2004 |      0 |      0 |   1458 |   3 |  668.0 |
       Dungeon |   2004 |   2004 |      0 |      0 |   1458 |   3 |  668.0 |
               +--------+--------+--------+--------+--------+-----+--------+

Top non-repeatable levels by time:
     D:1: 727 daAuts
     D:2: 716 daAuts
     D:3: 560 daAuts
